 Dungeon Crawl Stone Soup version 0.30-a0-137-gd8773701ce (webtiles) character file.

Game seed: 2650276252940685759

0 Lexip the Grave Robber (level 1, -1/14 HPs)
             Began as a Ghoul Necromancer on Sept 22, 2022.
             Slain by a giant cockroach (2 damage)
             ... on level 1 of the Dungeon.
             The game lasted 00:06:03 (86 turns).

Lexip the Grave Robber (Ghoul Necromancer)            Turns: 86, Time: 00:06:04

Health: -1/14      AC:  2    Str: 11    XL:     1   Next: 10%
Magic:  2/2        EV: 12    Int: 10    God:
Gold:   4          SH:  0    Dex:  9    Spells: 2/3 levels left

rFire   . . .      SeeInvis .    (no weapon)
rCold   + . .      Faith    .    (no shield)
rNeg    + + +      Spirit   .    a - +0 robe
rPois   ∞          Reflect  .    (no helmet)
rElec   .          Harm     .    (no cloak)
rCorr   .          Rampage  .    (no gloves)
Will    .....                    (no boots)
Stlth   ++........               (no amulet)
HPRegen 0.00/turn                (no ring)
MPRegen 0.08/turn                (no ring)

@: inhibited regen
A: claws 1, cold resistance 1, negative energy resistance 3, inhibited
regeneration, torment resistance 2, devour on kill
a: no special abilities


You were on level 1 of the Dungeon.
You visited 1 branch of the dungeon, and saw 1 of its levels.

You collected 4 gold pieces.

Inventory:

Armour
 a - a +0 robe (worn)
Potions
 b - a potion of magic
 c - a potion of heal wounds {unknown}


   Skills:
 + Level 1.7 Dodging
 + Level 2.1 Stealth
 + Level 1.7 Spellcasting
 + Level 4.0 Necromancy


You had 2 spell levels left.
You knew the following spells:

 Your Spells              Type           Power      Damage    Failure   Level
a - Necrotise             Necr           32%        1d5       6%          1

Your spell library contained the following spells:

 Spells                   Type           Power      Damage    Failure   Level
 Vampiric Draining        Necr           8%         2d6       19%         3
 Animate Dead             Necr           8%         N/A       52%         4
 Agony                    Necr           8%         N/A       86%         5


Dungeon Overview and Level Annotations

Branches:
Dungeon (1/15)

Altars:


Innate Abilities, Weirdness & Mutations

You are immune to poison.
You have sharp fingernails.
Your flesh is cold resistant. (rC+)
You are immune to negative energy. (rN+++)
You do not regenerate when monsters are visible.
You are immune to unholy pain and torment.
You thrive by killing the living.


Message History

The endoplasm misses you. The endoplasm attacks as you move away!
The endoplasm hits you.
* * * LOW HITPOINT WARNING * * *
The ball python attacks as you move away!
The ball python completely misses you. The ball python closely misses you. x2
The ball python misses you.
Your butterfly disappears in a burst of colours!
The giant cockroach attacks as you move away!
The giant cockroach closely misses you.
A ball python comes into view.
Found 12 gold pieces.
The ball python hisses angrily.
The giant cockroach misses you.
A hobgoblin comes into view.
A rat comes into view.
The hobgoblin shouts!
The ball python attacks as you move away!
The ball python barely misses you.
A goblin comes into view. It is wielding a +0 dagger.
You barely miss the giant cockroach. The giant cockroach closely misses you.
You barely miss the giant cockroach. The giant cockroach barely misses you.
You scratch the giant cockroach but do no damage.
The giant cockroach barely misses you. The giant cockroach closely misses you.
The giant cockroach attacks as you move away!
The giant cockroach closely misses you.
The goblin shouts!
You scratch the rat.
The rat is heavily wounded.
The giant cockroach misses you. The rat closely misses you.
The goblin hits you with a +0 dagger.
* * * LOW HITPOINT WARNING * * *
The giant cockroach attacks as you move away!
The giant cockroach misses you.
A giant cockroach comes into view.
The rat closely misses you. The giant cockroach barely misses you.
You scratch the giant cockroach but do no damage.
The giant cockroach bites you but does no damage.
The giant cockroach bites you.
You die...

.........b....##
.......##.#......>.....
......##.#....S.....##
.....#. #....b.....#
.....>.....b..S...#
#.............?...## #
#...#######.........
#.#..B# ####b###..
#....@# #.....###
#...rB# ##..##.##
.#...gS#######.....r...
#.......J.JSg......#....
###.....###$..####.# ...
#.....# ##.......# ##
#.....# #...#$#.#
####### ###.# $.. .# ##


You could see an endoplasm, 2 giant cockroaches, a goblin, a ball python and a
rat.

Vanquished Creatures
  A bat (D:1)
1 creature vanquished.

Notes
Turn   | Place    | Note
-------+----------+-------------------------------------------
     0 | D:1      | Lexip the Ghoul Necromancer began the quest for the Orb.
     0 | D:1      | Reached XP level 1. HP: 14/14 MP: 2/2
    86 | D:1      | Slain by a giant cockroach

Illustrated notes

Levels and vault maps discovered:
D:1:      amcnicky_arrival_underground_garden, layout_rooms,
          shapermc_ecumenical_altar_gd, minmay_tetromino_i4

Action                   || total
-------------------------++-------
Melee: Unarmed           ||    11
  Use: Scroll            ||     1
Armor: Robe              ||     5
Dodge: Dodged            ||    33

Table legend: (Time is in decaauts)
 A = Elapsed time spent in this place.
 B = Non-inter-level travel time spent in this place.
 C = Inter-level travel time spent in this place.
 D = Time resting spent in this place.
 E = Time spent auto-exploring this place.
 F = Levels seen in this place.
 G = Mean time per level.
                   A        B        C        D        E       F      G
               +--------+--------+--------+--------+--------+-----+--------+
         Total |     86 |     86 |      0 |      0 |      8 |   1 |   86.0 |
       Dungeon |     86 |     86 |      0 |      0 |      8 |   1 |   86.0 |
               +--------+--------+--------+--------+--------+-----+--------+

Top non-repeatable levels by time:
     D:1: 86 daAuts
